Map: Sequencer LE

Players

LiquidSnute (Snute)

  • Race: Zerg Zerg
  • League: Master
  • Spawn Location: 7:00

Harstem - Winner!

  • Race: Protoss Protoss
  • League: Master
  • Spawn Location: 1:00

Event: HomeStory Cup XV

VOD

Have the link to the VOD?

Description

Time

  • Played on: July 22, 2017, 7:45 a.m.
  • Length: 7:58

All games in this series

Show
View Real Time Build Order
Export as new Build Order

LiquidSnute Zerg 

Build Orders: Hatch First 

Get SALT Encoding   

  12  0:00  Drone  
  13  0:12  Overlord  
  13  0:16  Drone  
  14  0:30  Drone x2  
  14  0:34  Drone  
  17  0:51  Hatchery  
  17  0:54  Drone  
  17  0:58  Drone  
  17  1:00  Extractor  
  17  1:13  Spawning Pool  
  17  1:15  Drone  
  17  1:19  Drone  
  18  1:28  Drone  
  19  1:38  Overlord  
  19  1:49  Drone  
  20  1:59  Queen  
  20  2:00  Drone  
  23  2:01  Metabolic Boost  
  23  2:04  Queen  
  23  2:08  Zergling x2  
  26  2:11  Drone  
  26  2:15  Drone  
  28  2:21  Drone  
  29  2:25  Drone  
  30  2:32  Drone  
  30  2:35  Drone  
  32  2:40  Hatchery  
  32  2:43  Overlord  
  31  2:46  Drone  
  32  2:53  Drone  
  32  2:55  Queen  
  32  2:57  Drone  
  36  3:04  Zergling x2  
  37  3:07  Overlord  
  37  3:08  Drone x2  
  37  3:09  Drone  
  37  3:12  Drone x2  
  42  3:14  Drone  
  42  3:17  Drone  
  44  3:24  Overlord  
  44  3:27  Drone  
  44  3:31  Drone  
  46  3:38  Queen, Drone  
  50  3:41  Drone  
  50  3:42  Drone x2  
  50  3:43  Drone x2  
  50  3:44  Drone x2  
  50  3:48  Queen  
  56  3:55  Spore Crawler, Drone x3  
  59  4:00  Drone  
  61  4:04  Lair  
  61  4:05  Drone x2  
  63  4:11  Drone  
  62  4:19  Spore Crawler, Drone x5  
  62  4:21  Overlord  
  66  4:24  Extractor  
  66  4:25  Spore Crawler  
  66  4:28  Drone x2  
  66  4:29  Extractor, Overlord  
  66  4:30  Drone  
  66  4:38  Extractor  
  65  4:39  Hatchery  
  65  4:40  Drone x3  
  65  4:42  Drone  
  65  4:43  Drone x2  
  70  4:46  Drone  
  70  4:49  Drone x3  
  70  4:51  Drone  
  75  4:55  Drone x2  
  75  4:56  Drone x2  
  77  5:01  Drone  
  77  5:02  Hydralisk Den  
  77  5:03  Drone  
  77  5:05  Drone  
  77  5:06  Extractor  
  78  5:08  Drone x2  
  78  5:09  Drone x2  
  82  5:15  Hatchery  
  79  5:23  Drone  
  79  5:24  Drone, Overlord x3  
  79  5:25  Overlord  
  80  5:32  Muscular Augments, Overlord  
  80  5:35  Hydralisk  
  82  5:47  Hydralisk x2  
  82  5:48  Hydralisk x5  
  96  5:52  Hydralisk  
  96  5:53  Hydralisk  
  100  5:58  Hydralisk x3  
  100  6:01  Zergling x4  
  100  6:02  Zergling x2  
  100  6:04  Hydralisk  
  109  6:09  Zergling x10  
  115  6:23  Drone x9  
  115  6:24  Drone x2  
  111  6:28  Hydralisk  
  111  6:29  Hydralisk x2  
  111  6:32  Zergling x2  
  107  6:33  Zergling x4  
  107  6:37  Zergling x2  
  107  6:38  Zergling x8  
  100  6:42  Hydralisk x2  
  100  6:46  Hydralisk x2  
  98  6:48  Hydralisk  
  98  6:52  Hydralisk  
  98  6:53  Hydralisk  
  102  6:56  Hydralisk  
  102  6:57  Hydralisk  
  102  6:59  Hydralisk  
  95  7:02  Hydralisk  
  95  7:08  Hydralisk  
  80  7:10  Zergling x2  
  80  7:11  Zergling x6  
  74  7:15  Zergling x2  
  74  7:16  Zergling x4  
  74  7:22  Hydralisk  
  65  7:27  Hydralisk  
Show
View Real Time Build Order
Export as new Build Order

Harstem Protoss - Winner!

Build Orders: 1 Gate Expand, Oracle Opening 

Get SALT Encoding   

  12  0:01  Probe (Chrono Boost)  
  13  0:11  Probe (Chrono Boost)  
  14  0:19  Pylon  
  14  0:22  Probe (Chrono Boost)  
  15  0:37  Probe (Chrono Boost)  
  15  0:38  Gateway  
  16  0:47  Probe (Chrono Boost)  
  17  0:50  Assimilator  
  17  0:58  Probe (Chrono Boost)  
  18  1:08  Probe (Chrono Boost)  
  19  1:19  Probe (Chrono Boost)  
  20  1:27  Nexus  
  20  1:35  Cybernetics Core  
  20  1:37  Probe (Chrono Boost)  
  21  1:48  Probe (Chrono Boost)  
  21  1:49  Assimilator  
  22  1:54  Pylon  
  22  1:58  Probe (Chrono Boost)  
  23  2:12  Probe (Chrono Boost), Adept (Chrono Boost)  
  26  2:24  Probe  
  26  2:25  Stargate  
  27  2:35  Warp Gate  
  27  2:37  Probe (Chrono Boost)  
  28  2:39  Probe (Chrono Boost)  
  28  2:42  Stalker (Chrono Boost)  
  31  2:48  Probe (Chrono Boost)  
  31  2:49  Probe (Chrono Boost)  
  33  2:58  Probe  
  33  2:59  Probe  
  35  3:07  Gateway  
  35  3:09  Probe  
  35  3:10  Probe, Oracle (Chrono Boost)  
  40  3:20  Probe  
  40  3:23  Probe  
  40  3:24  Gateway  
  42  3:30  Probe  
  42  3:31  Pylon  
  43  3:35  Probe  
  43  3:41  Probe  
  44  3:45  Pylon  
  44  3:47  Probe  
  46  3:49  Oracle (Chrono Boost)  
  46  3:51  Probe  
  50  3:59  Twilight Council  
  50  4:05  Nexus  
  50  4:08  Probe  
  50  4:09  Probe  
  52  4:20  Robotics Facility  
  52  4:21  Pylon, Probe (Chrono Boost)  
  53  4:26  Probe (Chrono Boost)  
  53  4:28  Resonating Glaives (Chrono Boost), Assimilator  
  54  4:37  Gateway  
  54  4:38  Gateway  
  54  4:50  Gateway  
  54  4:51  Probe  
  55  4:56  Gateway  
  55  4:58  Probe, Sentry, Adept  
  55  4:59  Pylon  
  60  5:03  Assimilator  
  60  5:06  Warp Prism (Chrono Boost)  
  62  5:24  Adept x3  
  62  5:25  Probe  
  62  5:27  Mothership Core  
  69  5:32  Probe  
  69  5:34  Adept  
  69  5:35  Adept  
  76  5:46  Adept x4  
  84  5:50  Pylon  
  84  5:51  Pylon  
  84  6:01  Probe  
  84  6:03  Pylon  
  85  6:04  Adept x3  
  91  6:22  Adept x5  
  91  6:23  Probe  
  96  6:28  Adept x2  
  84  6:41  Adept x3  
  84  6:45  Probe  
  84  6:46  Adept x2  
  89  6:53  Adept x2  
  87  7:00  Adept x2  
  87  7:01  Adept  
  83  7:14  Adept x4  
  85  7:16  Probe  
  85  7:18  Adept x3  
  78  7:33  Probe x2  
  78  7:34  Probe  
  78  7:36  Adept x5  
  83  7:40  Adept x2  
Tags
 
Add a new tag
Caveats
  • Supply blocks, unpowered buildings, or Contaminate may cause inaccurate times.
  • Supply counts are checked every 10 seconds.